 Dungeon Crawl Stone Soup version 0.21.0-3-g78d12a8 (webtiles) character file.

200271 theanonym the Severer (level 19, -6/155 HPs)
             Began as a Human Abyssal Knight on Jan 8, 2018.
             Was a High Priest of Lugonu.
             Mangled by a vault warden
             ... wielding a +1 great mace of holy wrath
              (35 damage)
             ... on level 1 of the Vaults on Jan 9, 2018.
             The game lasted 02:29:08 (62019 turns).

theanonym the Severer (Human Abyssal Knight)       Turns: 62019, Time: 02:29:09

Health: -6/155     AC: 26    Str: 31    XL:     19   Next: 20%
Magic:  0/25       EV: 20    Int: 15    God:    Lugonu [*****.]
Gold:   286        SH: 20    Dex: 21    Spells: 9/18 levels left

rFire    . . .     SeeInvis +   a - +5 broad axe
rCold    . . .     Gourm    .   X - +2 shield {reflect}
rNeg     + . .     Faith    .   i - +3 plate armour of Cloud Cover {rElec, 18}
rPois    +         Spirit   +   Q - +0 helmet {Int+3}
rElec    +         Reflect  +   C - scarf {Spirit}
rCorr    .         Harm     .   o - +1 pair of gloves
MR       +....                  l - +2 pair of boots
Stlth    ..........             J - amulet "Osiorah" {Reflect rN+ SH+2}
HPRegen  0.35/turn              V - ring "Vyfaoryl" {Str+4 SInv}
MPRegen  0.19/turn              S - ring "Bulasan" {*Drain rPois Dex+4 Stlth+}

@: mighty, agile, about to teleport, marked, very slightly contaminated, hasted,
invisible, very quick
A: no striking features
}: 1/15 runes: gossamer
a: Depart the Abyss, Bend Space, Banish, Corrupt, Enter the Abyss, Renounce
Religion


   Skills:
 - Level 15.0 Fighting
 - Level 18.0 Axes
 + Level 12.8 Armour
 + Level 9.2 Dodging
 - Level 15.0 Shields
 - Level 8.0 Invocations


You had 9 spell levels left.
You knew the following spells:

 Your Spells              Type           Power        Failure   Level  Hunger
a - Olgreb's Toxic Radia  Pois           #.......     100%        4    #####..
g - Blink                 Tloc           N/A          93%         2    ###....
r - Regeneration          Chrm/Necr      #.........   99%         3    ####...

Skill      XL: |  1  2  3  4  5  6  7  8  9 10 11 12 13 14 15 16 17 18 19 |
---------------+----------------------------------------------------------+-----
Axes           | 3 4 5 6 8 9 11 13 14 16 17 18 | 18.0
Fighting       | 4 5 6 7 8 9 11 12 13 14 15 | 15.0
Invocations    | 4 6 7 8 |  8.0
Shields        | 2 4 5 11 14 15 | 15.0
Armour         | 6 9 10 12 | 12.8
Dodging        | 5 8 9 |  9.2

Action                   |  1- 3 |  4- 6 |  7- 9 | 10-12 | 13-15 | 16-18 | 19-21 || total
-------------------------+-------+-------+-------+-------+-------+-------+-------++-------
Melee: Hand axe          |    75 |   234 |   615 |       |       |       |       ||   924
       War axe           |       |       |       |   943 |  1675 |       |       ||  2618
       Broad axe         |       |       |       |       |   438 |  2231 |    92 ||  2761
Throw: Throwing net      |       |       |     1 |       |       |       |       ||     1
Invok: Banish            |       |       |     2 |    10 |    16 |    18 |     6 ||    52
       Bend Space        |       |       |       |       |     2 |     3 |       ||     5
       Corrupt           |       |       |       |       |     1 |       |       ||     1
Evoke: Wand              |       |       |       |    22 |    19 |    11 |       ||    52
       Lightning rod     |       |       |       |       |    11 |     2 |       ||    13
       Box of beasts     |       |       |       |       |       |     2 |       ||     2
       Fan of gales      |       |       |       |       |       |     1 |       ||     1
  Use: Potion            |       |     1 |     1 |     2 |    10 |    11 |     5 ||    30
       Scroll            |       |     1 |    18 |    11 |    11 |    13 |     3 ||    57
 Stab: Paralysed         |       |       |       |    26 |     5 |       |       ||    31
       Confused          |       |       |       |       |     9 |       |       ||     9
       Distracted        |       |       |       |       |     1 |       |       ||     1
       Petrified         |       |       |       |       |       |     5 |       ||     5
       Held in net/web   |       |       |       |       |       |     1 |       ||     1
       Invisible         |       |       |       |       |       |       |    13 ||    13
  Eat: Chunk             |       |     8 |    14 |    20 |    37 |    25 |     1 ||   105
       Ration            |       |       |     2 |    10 |    15 |    12 |       ||    39
Armor: Ring mail         |    40 |    57 |       |       |       |       |       ||    97
       Leather armour    |     1 |       |       |       |       |       |       ||     1
       Chain mail        |       |    81 |   319 |    62 |   389 |       |       ||   851
       Plate armour      |       |       |       |   472 |   424 |  1052 |    38 ||  1986
       Skin              |       |       |       |       |    43 |       |       ||    43
Dodge: Dodged            |    49 |    66 |   179 |   216 |   490 |   558 |    29 ||  1587
Block: Buckler           |       |     1 |       |   149 |   420 |       |       ||   570
       Reflection        |       |       |       |       |    12 |    81 |     4 ||    97
       Shield            |       |       |       |       |   175 |  1773 |   104 ||  2052

Inventory:

Hand Weapons
 a - a +5 broad axe (weapon)
   (You took it off an orc warlord on level 2 of the Orcish Mines)
Armour
 i - the +3 plate armour of Cloud Cover (worn) {rElec, 18}
   (You bought it in a shop on level 2 of the Orcish Mines)

   It insulates you from electricity.
 l - a +2 pair of boots (worn)
   (You found it on level 15 of the Dungeon)
 o - a +1 pair of gloves (worn)
   (You found it on level 7 of the Dungeon)
 C - a scarf of spirit shield (worn)
   (You found it on level 11 of the Dungeon)
 D - a +3 chain mail of fire resistance {rF+}
   (You took it off a minotaur in a labyrinth)
 Q - a +0 helmet of intelligence (worn)
   (You found it in a labyrinth)
 T - the +3 hat of Pondering {ponderous, MR+ MP+10 Int+5}
   (You found it on level 5 of the Lair of Beasts)

   It affects your intelligence (+5).
   It affects your resistance to hostile enchantments.
   It affects your magic capacity (+10).
 X - a +2 shield of reflection (worn)
   (You bought it in a shop on level 2 of the Orcish Mines)
Jewellery
 n - an uncursed ring of protection from magic {MR+}
   (You found it on level 2 of the Dungeon)
 F - an uncursed ring of resist corrosion {rCorr}
   (You found it on level 1 of the Lair of Beasts)
 G - the ring of Yesterday {Wiz rC++ Int+3 SInv Stlth-}
   (You found it on level 1 of the Lair of Beasts)

   [ring of wizardry]

   It improves your spell success rate.
   It affects your intelligence (+3).
   It greatly protects you from cold.
   It lets you see invisible.
   It makes you less stealthy.
 J - the amulet "Osiorah" (around neck) {Reflect rN+ SH+2}
   (You found it on level 3 of the Lair of Beasts)

   [amulet of reflection]

   It shields you and reflects attacks.
   It protects you from negative energy.
   It affects your SH (+2).
 S - the ring "Bulasan" (right hand) {*Drain rPois Dex+4 Stlth+}
   (You found it on level 5 of the Lair of Beasts)

   [ring of poison resistance]

   It affects your dexterity (+4).
   It protects you from poison.
   It causes draining when unequipped.
   It makes you more stealthy.
 V - the ring "Vyfaoryl" (left hand) {Str+4 SInv}
   (You found it on level 6 of the Lair of Beasts)

   [ring of see invisible]

   It affects your strength (+4).
   It lets you see invisible.
Wands
 c - a wand of disintegration (13)
   (You found it on level 2 of the Spider Nest)
 s - a wand of polymorph (6)
   (You found it on level 1 of the Lair of Beasts)
Scrolls
 b - 3 scrolls of blinking
 f - 8 scrolls of fog
 g - 6 scrolls of enchant armour
 h - 8 scrolls of remove curse
 r - a scroll of identify
 t - 13 scrolls of teleportation {!r}
 y - 6 scrolls of magic mapping
 B - a scroll of immolation
 I - 4 scrolls of amnesia
 W - a scroll of holy word
Potions
 d - a potion of brilliance
 j - 3 potions of lignification
 m - 5 potions of resistance {rF+ rC+}
 p - a potion of berserk rage
 q - 3 potions of heal wounds
 u - 2 potions of agility
 v - a potion of magic
 w - 4 potions of curing
 x - 3 potions of flight
 z - a potion of cancellation
 H - 3 potions of invisibility
 L - 2 potions of ambrosia
 M - a potion of might
 N - 5 potions of haste
 U - 4 potions of mutation
Books
 k - a book of Dreams
   (You found it on level 2 of the Spider Nest)
 A - a Young Poisoner's Handbook
   (You found it on level 6 of the Lair of Beasts)
 O - a book of Enchantments
   (You found it in a labyrinth)
Miscellaneous
 K - a lightning rod (4/4)
   (You found it on level 5 of the Lair of Beasts)
 R - a fan of gales
   (You found it on level 5 of the Lair of Beasts)
Comestibles
 e - 11 rations


You were on level 1 of the Vaults.
You worshipped Lugonu.
Lugonu was extremely pleased with you.
You were near starving.

You visited 6 branches of the dungeon, and saw 31 of its levels.
You visited the Abyss 1 time.
You also visited: Labyrinth.

You collected 2848 gold pieces.
You spent 2562 gold pieces at shops.

Dungeon Overview and Level Annotations

Branches:
Dungeon (15/15)            Temple (0/1) D:6            Lair (6/6) D:9
 Shoals (3/4) Lair:3       Spider (4/4) Lair:4        Slime (0/5) Lair:6
    Orc (2/2) D:11            Elf (0/3) Orc:2        Vaults (1/5) D:14
 Depths (0/5) D:15

Altars:
Ashenzari
Cheibriados
Dithmenos
Hepliaklqana
Kikubaaqudgha
Makhleb
Nemelex Xobeh
Okawaru
Sif Muna
Uskayaw
Vehumet
Wu Jian
Yredelemnul
The Shining One
Beogh

Shops:
D:7 (   D:8 !   D:11 ?   Orc:1 :   Orc:2 *[([   Shoals:1 ?   Shoals:3 !

Portals:
Hell: Lair:6

Annotations:
D:5 dig
D:15 MirrMurr's ghost, journeyman TrFi
Lair:6 corrupted
Vaults:1 Asterion
Abyss:1 Louise; Nessos

#..# #....# #..#
##....## #..# .
##......## .
#..#
..##..#..#..##..
#..#
................
#..#
..p....pc.....
#..# #..#))#C.#
#..# #Cp@()c#
#..# ##(†.(##
#..# #....# #..#
##p.## #..# #..#
#..# #c##
########..#


.cc ..........# ... .....=....# ..........# You could see an ironheart
preserver, 2 stone giants, 3 vault wardens, a yaktaur captain, 2 centaur
warriors and 2 yaktaurs.

Notes
Turn   | Place    | Note
-------+----------+-------------------------------------------
     0 | Abyss:1  | theanonym the Human Abyssal Knight began the quest for the Orb.
     0 | Abyss:1  | Reached XP level 1. HP: 18/18 MP: 2/2
    46 | D:1      | Escaped the Abyss
   208 | D:1      | Reached XP level 2. HP: 15/24 MP: 3/3
   514 | D:1      | Reached XP level 3. HP: 28/29 MP: 4/4
   517 | D:1      | Reached ** piety under Lugonu
   517 | D:1      | Reached skill level 3 in Axes
   949 | D:2      | HP: 14/29 [adder (2)]
   952 | D:2      | Reached XP level 4. HP: 15/35 MP: 5/5
   954 | D:2      | HP: 13/35 [poisoned by an adder]
   959 | D:2      | HP: 9/35 [poisoned by an adder]
   965 | D:2      | HP: 7/35 [poisoned by an adder]
   971 | D:2      | HP: 5/35 [poisoned by an adder]
   979 | D:2      | HP: 4/35 [poisoned by an adder]
  1667 | D:2      | Noticed Jessica
  1680 | D:2      | HP: 18/37 [Jessica/nerve-wracking pain (4)]
  1689 | D:2      | Killed Jessica
  1689 | D:2      | Reached skill level 4 in Axes
  1689 | D:2      | Reached XP level 5. HP: 25/42 MP: 6/6
  1811 | D:2      | Identified Jessica's Disquisition on Boosts
  1902 | D:2      | Reached skill level 4 in Fighting
  2133 | D:3      | Noticed Daviar's ghost (amateur HaBe)
  2160 | D:3      | HP: 19/42 [Daviar's ghost (6)]
  2162 | D:3      | Killed Daviar's ghost
  2162 | D:3      | Reached skill level 5 in Axes
  2162 | D:3      | Reached XP level 6. HP: 23/49 MP: 7/7
  2425 | D:3      | Reached *** piety under Lugonu
  2438 | D:3      | Found an iron altar of Okawaru.
  2869 | D:3      | Found a shattered altar of Ashenzari.
  2895 | D:3      | Found a radiant altar of Vehumet.
  2957 | D:3      | Found a faded altar of an unknown god.
  3013 | D:3      | Found an ancient bone altar of Kikubaaqudgha.
  3252 | D:4      | Noticed a phantom
  3291 | D:3      | HP: 24/49 [poisoned by an adder]
  3296 | D:3      | HP: 23/49 [poisoned by an adder]
  3303 | D:3      | HP: 22/49 [poisoned by an adder]
  3311 | D:3      | HP: 21/49 [poisoned by an adder]
  3508 | D:4      | Reached XP level 7. HP: 37/55 MP: 8/8
  3645 | D:4      | Reached skill level 5 in Fighting
  3645 | D:4      | Reached skill level 6 in Axes
  3767 | D:4      | HP: 20/53 [ogre/giant club (7)]
  4011 | D:4      | HP: 21/53 [phantom (7)]
  4018 | D:4      | HP: 17/53 [phantom (1)]
  4028 | D:4      | HP: 15/53 [phantom (4)]
  4336 | D:3      | HP: 26/53 [gnoll/spear (8)]
  4769 | D:4      | Reached XP level 8. HP: 55/60 MP: 9/9
  4842 | D:4      | Found a sparkling altar of Nemelex Xobeh.
  5140 | D:5      | Entered Level 5 of the Dungeon
  5236 | D:5      | Reached skill level 7 in Axes
  5346 | D:5      | Noticed a dagger
  5346 | D:5      | Noticed a dagger
  5399 | D:5      | Found a hide-covered altar of Uskayaw.
  5477 | D:5      | HP: 29/61 [something (2)]
  5488 | D:5      | HP: 24/61 [sky beast (1)]
  5514 | D:5      | HP: 15/61 [something (3)]
  5556 | D:4      | HP: 30/64 [sky beast (5)]
  5561 | D:4      | HP: 27/64 [sky beast (4)]
  5562 | D:4      | Reached skill level 3 in Invocations
  5933 | D:5      | Found a shadowy altar of Dithmenos.
  5954 | D:5      | Reached skill level 6 in Fighting
  6715 | D:5      | Reached skill level 8 in Axes
  6715 | D:5      | Reached skill level 4 in Invocations
  7108 | D:5      | Found an ornate altar of the Wu Jian Council.
  7431 | D:6      | Reached XP level 9. HP: 58/71 MP: 12/12
  7532 | D:6      | Reached **** piety under Lugonu
  7642 | D:6      | Found a basalt altar of Yredelemnul.
  7865 | D:6      | Found a glowing golden altar of the Shining One.
  8017 | D:6      | Found a snail-covered altar of Cheibriados.
  8564 | D:6      | Found a staircase to the Ecumenical Temple.
  8675 | D:7      | Found Iroa's Antique Weapon Boutique.
  8685 | D:6      | HP: 34/71 [ogre/giant club (4)]
  8686 | D:6      | Reached skill level 9 in Axes
  8873 | D:7      | Reached skill level 5 in Invocations
  8953 | D:7      | Reached skill level 7 in Fighting
  8968 | D:7      | HP: 36/72 [scorpion (6)]
  9170 | D:7      | Got an ancient whip
  9190 | D:7      | HP: 34/72 [centaur (3)]
  9631 | D:7      | Noticed a gargoyle
  9633 | D:7      | Banished a gargoyle
  9823 | D:7      | Reached skill level 6 in Invocations
  9823 | D:7      | Reached XP level 10. HP: 44/79 MP: 14/14
 10170 | D:7      | Reached skill level 10 in Axes
 10219 | D:8      | Found Woupeipn's Distillery.
 10219 | D:8      | Noticed Pikel
 10251 | D:8      | Killed Pikel
 10260 | D:8      | HP: 39/80 [gnoll/halberd (5)]
 10364 | D:8      | HP: 40/80 [hungry ghost (1)]
 10369 | D:8      | HP: 31/80 [poisoned by a scorpion]
 10371 | D:8      | Reached skill level 8 in Fighting
 10374 | D:8      | HP: 26/80 [poisoned by a scorpion]
 10379 | D:8      | HP: 24/80 [poisoned by a scorpion]
 10384 | D:8      | HP: 23/80 [poisoned by a scorpion]
 10391 | D:8      | HP: 22/80 [poisoned by a scorpion]
 10399 | D:8      | HP: 22/80 [poisoned by a scorpion]
 10661 | D:8      | Bought a potion of haste for 110 gold pieces
 10661 | D:8      | Bought 2 potions of heal wounds for 110 gold pieces
 11183 | D:8      | Found a deep blue altar of Sif Muna.
 11444 | D:8      | Found a hazy altar of Hepliaklqana.
 11705 | D:9      | Noticed a two-headed ogre
 11707 | D:9      | Banished a two-headed ogre
 11707 | D:9      | Reached skill level 1 in Shields
 11707 | D:9      | Reached skill level 7 in Invocations
 11816 | D:9      | HP: 40/80 [poisoned by an orc]
 11821 | D:9      | HP: 38/80 [poisoned by an orc]
 11826 | D:9      | HP: 37/80 [poisoned by an orc]
 11833 | D:9      | HP: 37/80 [poisoned by an orc]
 11841 | D:9      | HP: 37/80 [poisoned by an orc]
 11959 | D:9      | Reached skill level 11 in Axes
 12104 | D:9      | Noticed a two-headed ogre
 12135 | D:9      | Reached skill level 2 in Shields
 12141 | D:9      | HP: 41/82 [poisoned by a worker ant]
 12145 | D:9      | HP: 20/82 [poisoned by a worker ant]
 12150 | D:9      | HP: 18/82 [poisoned by a worker ant]
 12155 | D:9      | HP: 18/82 [poisoned by a worker ant]
 12162 | D:9      | HP: 17/82 [poisoned by a worker ant]
 12170 | D:9      | HP: 17/82 [poisoned by a worker ant]
 12174 | D:9      | HP: 6/82 [orc priest/divine providence (12)]
 12737 | D:8      | HP: 40/82 [poisoned by a killer bee]
 12740 | D:8      | HP: 15/82 [killer bee (7)]
 12745 | D:8      | HP: 18/82 [poisoned by a killer bee]
 12752 | D:8      | HP: 18/82 [poisoned by a killer bee]
 12760 | D:8      | HP: 18/82 [poisoned by a killer bee]
 13100 | D:9      | Killed a two-headed ogre
 13100 | D:9      | Reached XP level 11. HP: 87/87 MP: 16/16
 13111 | D:9      | Learned a level 2 spell: Blink
 13357 | D:9      | Reached skill level 3 in Shields
 13507 | D:9      | Found a staircase to the Lair.
 13769 | D:9      | Learned a level 3 spell: Regeneration
 13873 | D:10     | Entered Level 10 of the Dungeon
 13895 | D:10     | Identified the cursed +0 whip of Fixation {flame, *Corrode rPois Int+4 Dex+2} (You found it on level 7 of the Dungeon)
 14411 | D:10     | Reached skill level 9 in Fighting
 14411 | D:10     | Reached skill level 8 in Invocations
 14523 | D:10     | Reached skill level 12 in Axes
 14547 | D:10     | Reached skill level 4 in Shields
 14610 | D:10     | Noticed a two-headed ogre
 14614 | D:10     | Killed a two-headed ogre
 14733 | D:10     | Noticed a two-headed ogre
 14741 | D:10     | HP: 44/89 [two-headed ogre/giant club (12)]
 14742 | D:10     | Banished a two-headed ogre
 14746 | D:10     | HP: 30/89 [bullfrog zombie (5)]
 15002 | D:10     | Noticed Maurice
 15033 | D:10     | Paralysed by something for 6 turns
 15669 | D:10     | Killed Maurice
 15742 | Lair:1   | Entered Level 1 of the Lair of Beasts
 15907 | D:9      | HP: 39/90 [crocodile (13)]
 16344 | D:9      | Reached skill level 13 in Axes
 16522 | D:9      | Reached ***** piety under Lugonu
 16522 | D:9      | Reached XP level 12. HP: 75/97 MP: 18/18
 16686 | Lair:1   | Reached skill level 10 in Fighting
 17171 | Lair:1   | HP: 40/97 [blink frog (12)]
 17179 | Lair:1   | HP: 36/97 [blink frog (6)]
 17186 | Lair:1   | HP: 36/97 [blink frog (2)]
 17194 | Lair:1   | HP: 34/97 [blink frog (4)]
 17219 | Lair:1   | HP: 38/97 [blink frog (2)]
 17237 | Lair:1   | HP: 35/97 [blink frog (8)]
 17242 | Lair:1   | HP: 27/97 [blink frog (9)]
 17667 | Lair:1   | HP: 48/97 [poisoned by a spiny frog]
 17672 | Lair:1   | HP: 45/98 [poisoned by a spiny frog]
 17677 | Lair:1   | HP: 42/98 [poisoned by a spiny frog]
 17683 | Lair:1   | HP: 41/98 [poisoned by a spiny frog]
 17689 | Lair:1   | HP: 41/98 [poisoned by a spiny frog]
 17697 | Lair:1   | HP: 41/98 [poisoned by a spiny frog]
 17935 | Lair:1   | Got a pitted lead ring
 17952 | Lair:1   | Identified the ring of Yesterday {Wiz rC++ Int+3 SInv Stlth-} (You found it on level 1 of the Lair of Beasts)
 18026 | Lair:1   | HP: 48/98 [yak (9)]
 18502 | Lair:2   | HP: 48/98 [spiny frog (13)]
 18507 | Lair:2   | HP: 32/98 [poisoned by a spiny frog]
 18512 | Lair:2   | HP: 21/98 [poisoned by a spiny frog]
 18517 | Lair:2   | HP: 13/98 [poisoned by a spiny frog]
 18522 | Lair:2   | HP: 9/98 [poisoned by a spiny frog]
 18527 | Lair:1   | HP: 6/98 [poisoned by a spiny frog]
 18533 | Lair:1   | HP: 4/98 [poisoned by a spiny frog]
 18538 | Lair:1   | HP: 3/98 [poisoned by a spiny frog]
 18545 | Lair:1   | HP: 3/98 [poisoned by a spiny frog]
 18553 | Lair:1   | HP: 3/98 [poisoned by a spiny frog]
 18870 | D:8      | Bought a potion of curing for 33 gold pieces
 18870 | D:8      | Bought a potion of curing for 33 gold pieces
 18870 | D:8      | Bought a potion of agility for 44 gold pieces
 18870 | D:8      | Bought 2 potions of invisibility for 176 gold pieces
 18870 | D:8      | Bought a potion of haste for 110 gold pieces
 19211 | Lair:2   | Reached skill level 14 in Axes
 19275 | Lair:2   | HP: 43/99 [komodo dragon (23)]
 19314 | Lair:2   | HP: 32/99 [porcupine (6)]
 19609 | Lair:2   | HP: 46/99 [elephant (12)]
 19849 | Lair:2   | HP: 46/99 [spiny frog (17)]
 19854 | Lair:2   | HP: 41/99 [poisoned by a spiny frog]
 19859 | Lair:2   | HP: 37/99 [poisoned by a spiny frog]
 19864 | Lair:2   | HP: 36/99 [poisoned by a spiny frog]
 19869 | Lair:2   | HP: 34/99 [poisoned by a spiny frog]
 19875 | Lair:2   | HP: 34/99 [poisoned by a spiny frog]
 19883 | Lair:2   | HP: 34/99 [poisoned by a spiny frog]
 20222 | Lair:2   | Noticed a four-headed hydra
 20225 | Lair:2   | Banished a four-headed hydra
 20951 | Lair:3   | HP: 45/99 [spiny frog (8)]
 20952 | Lair:3   | Reached skill level 11 in Fighting
 20956 | Lair:3   | HP: 34/100 [poisoned by a spiny frog]
 20961 | Lair:3   | HP: 28/100 [poisoned by a spiny frog]
 20966 | Lair:3   | HP: 23/100 [poisoned by a spiny frog]
 20972 | Lair:3   | HP: 20/100 [poisoned by a spiny frog]
 20977 | Lair:3   | HP: 18/100 [poisoned by a spiny frog]
 20982 | Lair:3   | HP: 17/100 [poisoned by a spiny frog]
 20989 | Lair:3   | HP: 17/100 [poisoned by a spiny frog]
 20997 | Lair:3   | HP: 17/100 [poisoned by a spiny frog]
 21382 | Lair:3   | HP: 43/100 [polar bear (8)]
 22046 | Lair:3   | Noticed a death yak
 22046 | Lair:3   | Noticed a death yak
 22207 | D:11     | Noticed a seven-headed hydra
 22234 | D:11     | Banished a seven-headed hydra
 22234 | D:11     | Reached XP level 13. HP: 106/106 MP: 7/19
 22524 | D:11     | HP: 48/106 [electric eel/bolt of electricity (8)]
 22532 | D:11     | HP: 39/106 [water moccasin (6)]
 22537 | D:11     | HP: 35/106 [poisoned by a water moccasin]
 22543 | D:11     | HP: 33/106 [poisoned by a water moccasin]
 22550 | D:11     | HP: 32/106 [poisoned by a water moccasin]
 22557 | D:11     | HP: 32/106 [poisoned by a water moccasin]
 22565 | D:11     | HP: 32/106 [poisoned by a water moccasin]
 22634 | D:11     | HP: 47/106 [merfolk (3)]
 23150 | D:11     | Reached skill level 15 in Axes
 23446 | D:11     | Found Paodeos's Magic Scroll Boutique.
 23461 | D:11     | Bought a scroll of fear for 49 gold pieces
 23461 | D:11     | Bought a scroll of teleportation for 42 gold pieces
 23461 | D:11     | Bought a scroll of teleportation for 42 gold pieces
 24202 | D:11     | Found a staircase to the Orcish Mines.
 24302 | Orc:1    | Entered Level 1 of the Orcish Mines
 24586 | Orc:1    | Reached skill level 3 in Armour
 24670 | Orc:1    | Found Regikhli's Book Shop.
 24734 | Orc:2    | Entered Level 2 of the Orcish Mines
 24923 | Orc:1    | HP: 48/106 [poisoned by an orc warrior]
 25199 | Orc:1    | HP: 53/106 [poisoned by an orc warrior]
 25204 | Orc:1    | HP: 39/106 [poisoned by an orc warrior]
 25209 | Orc:1    | HP: 30/106 [poisoned by an orc warrior]
 25214 | Orc:1    | HP: 23/106 [poisoned by an orc warrior]
 25219 | Orc:1    | HP: 18/106 [poisoned by an orc warrior]
 25224 | Orc:1    | HP: 16/106 [poisoned by an orc warrior]
 25229 | Orc:1    | HP: 14/106 [poisoned by an orc warrior]
 25234 | Orc:1    | HP: 13/106 [poisoned by an orc warrior]
 25241 | Orc:1    | HP: 13/106 [poisoned by an orc warrior]
 25249 | Orc:1    | HP: 13/106 [poisoned by an orc warrior]
 25790 | Orc:1    | HP: 51/107 [troll[an orc knight] (7)]
 26339 | D:12     | Found a labyrinth entrance.
 26345 | Lab      | Entered a labyrinth
 26708 | Lab      | Noticed a minotaur
 26719 | Lab      | HP: 53/107 [minotaur (6)]
 26721 | Lab      | HP: 21/107 [minotaur (11)]
 26728 | Lab      | HP: 65/160 [minotaur (8)]
 26735 | Lab      | Killed a minotaur
 26735 | Lab      | Reached skill level 4 in Armour
 26753 | Lab      | Identified the Incunabulum of the Lamprey
 26754 | Lab      | Found the slimy robe {0}
 27019 | D:12     | HP: 53/107 [vampire mosquito (4)]
 27850 | D:12     | Reached skill level 12 in Fighting
 28182 | D:13     | Noticed a centaur warrior
 28370 | Lair:2   | HP: 42/108 [death yak (13)]
 28828 | Lair:3   | Identified the amulet "Osiorah" {Reflect rN+ SH+2} (You found it on level 3 of the Lair of Beasts)
 29022 | Lair:3   | Found a staircase to the Shoals.
 29144 | Lair:3   | HP: 50/108 [death yak (13)]
 29150 | Lair:3   | Reached skill level 16 in Axes
 29150 | Lair:3   | Reached skill level 5 in Armour
 29186 | Lair:3   | HP: 29/108 [death yak (12)]
 29492 | Lair:2   | HP: 45/108 [death yak (10)]
 30223 | Lair:4   | Noticed a four-headed hydra
 30224 | Lair:4   | Banished a four-headed hydra
 30235 | Lair:4   | Reached skill level 6 in Armour
 30235 | Lair:4   | Reached XP level 14. HP: 109/116 MP: 14/20
 30259 | Lair:4   | Noticed Inarius's ghost (journeyman DrIE)
 30906 | Lair:4   | Found a hole to the Spider Nest.
 31208 | Lair:4   | Banished Inarius's ghost
 31563 | Lair:5   | Noticed Nessos
 31564 | Lair:5   | Banished Nessos
 31589 | Lair:5   | Reached skill level 7 in Armour
 31686 | Lair:5   | Reached skill level 2 in Dodging
 32141 | Lair:5   | Got a brightly glowing platinum ring
 32149 | Lair:5   | Identified the ring "Bulasan" {*Drain rPois Dex+4 Stlth+} (You found it on level 5 of the Lair of Beasts)
 32759 | Lair:5   | Found the +3 hat of Pondering {ponderous, MR+ MP+10 Int+5}
 32995 | Lair:6   | Entered Level 6 of the Lair of Beasts
 33015 | Lair:6   | Reached skill level 3 in Dodging
 33025 | Lair:6   | HP: 57/116 [komodo dragon (16)]
 33036 | Lair:6   | Corrupted Lair:6
 33036 | Lair:6   | Noticed a lich
 33036 | Lair:6   | Noticed a tentacled starspawn
 33036 | Lair:6   | Noticed a bone dragon
 33039 | Lair:6   | HP: 30/116 [komodo dragon (11)]
 33045 | Lair:6   | HP: 18/116 [naga/scimitar[Lugonu's corruption] (14)]
 33046 | Lair:6   | Noticed an Executioner
 33049 | Lair:6   | Noticed a starcursed mass
 33068 | Lair:6   | HP: 40/116 [sixfirhy[Lugonu's corruption] (3)]
 33674 | Lair:6   | Learned a level 4 spell: Olgreb's Toxic Radiance
 33747 | Lair:6   | Reached skill level 8 in Armour
 33874 | Lair:6   | Found a staircase to the Slime Pits.
 33934 | Lair:6   | Reached skill level 4 in Dodging
 34043 | Lair:6   | Reached skill level 13 in Fighting
 34932 | Lair:6   | Found a burning altar of Makhleb.
 35299 | Lair:6   | HP: 58/118 [orange demon (2)]
 35304 | Lair:6   | HP: 34/118 [poisoned by an orange demon]
 35309 | Lair:6   | HP: 52/118 [poisoned by an orange demon]
 35314 | Lair:6   | HP: 40/118 [poisoned by an orange demon]
 35319 | Lair:6   | HP: 34/118 [poisoned by an orange demon]
 35324 | Lair:6   | HP: 28/118 [poisoned by an orange demon]
 35329 | Lair:6   | HP: 26/118 [poisoned by an orange demon]
 35334 | Lair:6   | HP: 24/118 [poisoned by an orange demon]
 35340 | Lair:6   | HP: 23/118 [poisoned by an orange demon]
 35348 | Lair:6   | HP: 23/118 [poisoned by an orange demon]
 35356 | Lair:6   | HP: 23/118 [poisoned by an orange demon]
 36018 | Lair:5   | Reached skill level 5 in Dodging
 36178 | Lair:6   | HP: 52/118 [hell beast (10)]
 36184 | Lair:6   | HP: 22/118 [hell beast (5)]
 36658 | Lair:6   | Found a gateway to Hell.
 36666 | Lair:6   | Got a heavily runed pewter ring
 36667 | Lair:6   | Identified the ring "Vyfaoryl" {Str+4 SInv} (You found it on level 6 of the Lair of Beasts)
 37065 | Lair:6   | Found a staircase to the Slime Pits.
 37534 | Lair:4   | Found a hole to the Spider Nest.
 38061 | Lair:3   | Found a staircase to the Shoals.
 38120 | Lair:3   | Reached skill level 9 in Armour
 38133 | Lair:3   | HP: 54/118 [death yak (14)]
 39334 | D:13     | Reached XP level 15. HP: 102/124 MP: 18/21
 40010 | Orc:2    | Noticed an orc warlord
 40288 | Orc:1    | Noticed Snorg
 40313 | Orc:1    | HP: 87/187 [Snorg (7)]
 40316 | Orc:1    | Killed Snorg
 40727 | Orc:2    | Noticed Josephine
 40742 | Orc:2    | Killed Josephine
 40742 | Orc:2    | Reached skill level 10 in Armour
 40749 | Orc:2    | Reached skill level 14 in Fighting
 40873 | Orc:2    | Found a roughly hewn altar of Beogh.
 41036 | Orc:2    | Killed an orc warlord
 41071 | Orc:2    | Found a roughly hewn altar of Beogh.
 41076 | Orc:2    | HP: 62/126 [orc priest/divine providence[an orc warlord] (9)]
 41079 | Orc:2    | Found Pyapriotesk's General Store.
 41333 | Orc:2    | Noticed an orc warlord
 41372 | Orc:2    | Killed an orc warlord
 41730 | Orc:2    | Found a roughly hewn altar of Beogh.
 41933 | Orc:2    | Found a staircase to the Elven Halls.
 41951 | Orc:2    | Found a roughly hewn altar of Beogh.
 41969 | Orc:2    | Found Pyatwo's Armour Emporium.
 42044 | Orc:2    | Found Qiodek's Antique Weapon Shoppe.
 42045 | Orc:2    | Found a roughly hewn altar of Beogh.
 42046 | Orc:2    | Found Nouwkioxa's Antique Armour Emporium.
 42059 | Orc:2    | Bought a spiked plate armour for 868 gold pieces
 42059 | Orc:2    | Bought a shiny shield for 232 gold pieces
 42059 | Orc:2    | Identified the +3 plate armour of Cloud Cover {rElec, 18} (You bought it in a shop on level 2 of the Orcish Mines)
 42300 | Orc:2    | Found a roughly hewn altar of Beogh.
 42345 | Orc:2    | Found a roughly hewn altar of Beogh.
 42790 | D:13     | Reached skill level 17 in Axes
 43401 | D:14     | Reached skill level 5 in Shields
 43593 | D:14     | Found a gate to the Vaults.
 43616 | D:14     | Reached XP level 16. HP: 117/133 MP: 19/22
 43617 | D:14     | Reached skill level 6 in Shields
 43763 | D:14     | HP: 66/133 [catoblepas (7)]
 43770 | D:14     | HP: 64/133 [vault guard/great sword (4)]
 44348 | D:15     | Entered Level 15 of the Dungeon
 44364 | D:15     | Got a translucent plate armour {18}
 44382 | D:15     | Reached skill level 7 in Shields
 44474 | D:15     | HP: 59/133 [white ugly thing (9)]
 44479 | D:15     | HP: 54/133 [white ugly thing (6)]
 44875 | D:15     | Got a scorched hand axe
 44910 | D:15     | Found a staircase to the Depths.
 45323 | D:15     | Noticed MirrMurr's ghost (journeyman TrFi)
 45339 | D:15     | HP: 59/133 [MirrMurr's ghost (32)]
 45340 | D:15     | theanonym: !lg mirrmurr place=d:15
 45340 | D:15     | beem: 15. MirrMurr the Brawler (L15 TrFi of Okawaru), blasted by a frost giant (bolt of cold) on D:15 (grunt_enter_depths_snipers) on 2018-01-08 22:49:37, with 97992 points after 24236 turns and 1:13:17.
 45358 | D:15     | HP: 54/133 [MirrMurr's ghost (11)]
 45796 | D:15     | Reached skill level 8 in Shields
 46030 | D:15     | Reached ****** piety under Lugonu
 46059 | D:15     | Reached skill level 18 in Axes
 46394 | Spider:1 | Entered Level 1 of the Spider Nest
 46793 | D:11     | Bought a scroll of identify for 28 gold pieces
 46793 | D:11     | Identified the +0 plate armour of the Immovable Coins {rC++, 18} (You found it on level 15 of the Dungeon)
 46997 | Spider:1 | HP: 66/133 [poisoned by an emperor scorpion]
 47002 | Spider:1 | HP: 61/133 [poisoned by an emperor scorpion]
 47007 | Spider:1 | HP: 56/133 [poisoned by an emperor scorpion]
 47012 | Spider:1 | HP: 54/133 [poisoned by an emperor scorpion]
 47018 | Spider:1 | HP: 53/133 [poisoned by an emperor scorpion]
 47026 | Spider:1 | HP: 53/133 [poisoned by an emperor scorpion]
 47033 | Lair:4   | HP: 53/133 [poisoned by an emperor scorpion]
 47316 | Spider:1 | Reached skill level 9 in Shields
 47690 | Spider:1 | HP: 50/133 [disintegration (34)]
 47700 | Spider:1 | HP: 51/133 [jumping spider (1)]
 47705 | Spider:1 | HP: 48/133 [jumping spider (4)]
 47713 | Spider:1 | HP: 37/133 [jumping spider (3)]
 47740 | Spider:1 | Reached skill level 10 in Shields
 48625 | Spider:2 | Noticed Louise
 48645 | Spider:1 | HP: 58/133 [wolf spider (10)]
 48650 | Spider:1 | HP: 44/133 [wolf spider (6)]
 49022 | Spider:2 | HP: 63/133 [tarantella (10)]
 49027 | Spider:2 | HP: 46/133 [demonic crawler (1)]
 49459 | Spider:1 | HP: 64/133 [redback (9)]
 49716 | Spider:1 | Reached skill level 11 in Shields
 49884 | Spider:1 | Reached XP level 17. HP: 76/139 MP: 13/23
 50135 | Spider:2 | Banished Louise
 50548 | Spider:2 | HP: 66/139 [redback (5)]
 50553 | Spider:2 | HP: 44/139 [poisoned by a redback]
 50558 | Spider:2 | HP: 36/139 [poisoned by a redback]
 50563 | Spider:2 | HP: 30/139 [poisoned by a redback]
 50568 | Spider:2 | Reached skill level 12 in Shields
 50568 | Spider:2 | HP: 24/139 [poisoned by a redback]
 50573 | Spider:2 | HP: 22/139 [poisoned by a redback]
 50579 | Spider:2 | HP: 19/139 [poisoned by a redback]
 50585 | Spider:2 | HP: 18/139 [poisoned by a redback]
 50590 | Spider:2 | HP: 18/139 [poisoned by a redback]
 50597 | Spider:2 | HP: 18/139 [poisoned by a redback]
 50605 | Spider:2 | HP: 19/139 [poisoned by a redback]
 52285 | Spider:2 | HP: 69/139 [emperor scorpion[a torpor snail] (14)]
 52290 | Spider:2 | HP: 55/139 [poisoned by an emperor scorpion]
 52295 | Spider:2 | HP: 48/139 [poisoned by an emperor scorpion]
 52300 | Spider:2 | HP: 47/139 [poisoned by an emperor scorpion]
 52305 | Spider:2 | HP: 47/139 [poisoned by an emperor scorpion]
 52312 | Spider:2 | HP: 47/139 [poisoned by an emperor scorpion]
 52320 | Spider:2 | HP: 48/139 [poisoned by an emperor scorpion]
 52680 | Spider:3 | Reached skill level 13 in Shields
 53259 | Spider:3 | Noticed Aizul
 53276 | Spider:3 | HP: 66/139 [poisoned by Aizul (bolt of poison)]
 53281 | Spider:3 | HP: 32/139 [poisoned by Aizul (poison arrow)]
 53286 | Spider:3 | HP: 31/139 [poisoned by Aizul (poison arrow)]
 53291 | Spider:3 | HP: 31/139 [poisoned by Aizul (poison arrow)]
 53298 | Spider:3 | HP: 31/139 [poisoned by Aizul (poison arrow)]
 53306 | Spider:3 | HP: 32/139 [poisoned by Aizul (poison arrow)]
 53530 | Spider:3 | HP: 69/139 [poisoned by Aizul (poison arrow)]
 53535 | Spider:3 | HP: 65/139 [poisoned by Aizul (poison arrow)]
 53537 | Spider:3 | Killed Aizul
 53540 | Spider:3 | HP: 62/139 [poisoned by Aizul (poison arrow)]
 53545 | Spider:3 | HP: 59/139 [poisoned by Aizul (poison arrow)]
 53551 | Spider:3 | HP: 57/139 [poisoned by Aizul (poison arrow)]
 53557 | Spider:3 | HP: 55/139 [poisoned by Aizul (poison arrow)]
 53562 | Spider:3 | HP: 54/139 [poisoned by Aizul (poison arrow)]
 53569 | Spider:3 | HP: 54/139 [poisoned by Aizul (poison arrow)]
 53574 | Spider:3 | HP: 54/139 [poisoned by Aizul (poison arrow)]
 53580 | Spider:3 | HP: 54/139 [poisoned by Aizul (poison arrow)]
 53585 | Spider:3 | HP: 55/139 [poisoned by Aizul (poison arrow)]
 54211 | Spider:3 | Reached skill level 14 in Shields
 54397 | Shoals:1 | Entered Level 1 of the Shoals
 54420 | Shoals:1 | HP: 57/139 [satyr/arrow (24)]
 54425 | Shoals:1 | HP: 49/139 [faun/uncursed quarterstaff[a satyr] (5)]
 54431 | Shoals:1 | HP: 42/139 [faun/uncursed spear of venom[a satyr] (2)]
 54436 | Shoals:1 | HP: 36/139 [poisoned by a faun]
 54441 | Shoals:1 | HP: 32/139 [poisoned by a faun]
 54446 | Shoals:1 | HP: 27/139 [poisoned by a faun]
 54451 | Shoals:1 | HP: 25/139 [poisoned by a faun]
 54457 | Lair:3   | HP: 23/139 [poisoned by a faun]
 54465 | Lair:3   | HP: 23/139 [poisoned by a faun]
 54473 | Lair:3   | HP: 23/139 [poisoned by a faun]
 54852 | Shoals:1 | Found Jacuazew's Magic Scroll Shoppe.
 54889 | Shoals:1 | Bought a scroll of identify for 40 gold pieces
 56147 | Shoals:2 | Reached XP level 18. HP: 117/146 MP: 19/24
 56308 | Shoals:2 | HP: 71/147 [merfolk aquamancer/ball of steam (24)]
 56923 | Shoals:2 | Reached skill level 15 in Shields
 57621 | Shoals:3 | Reached skill level 6 in Dodging
 58243 | Shoals:3 | Reached skill level 11 in Armour
 58628 | Shoals:3 | Found Rufuol's Distillery.
 58636 | Shoals:3 | Bought a potion of curing for 45 gold pieces
 58636 | Shoals:3 | Bought a potion of curing for 45 gold pieces
 58636 | Shoals:3 | Bought a potion of invisibility for 120 gold pieces
 58636 | Shoals:3 | Bought a potion of heal wounds for 75 gold pieces
 58636 | Shoals:3 | Bought a potion of agility for 60 gold pieces
 58636 | Shoals:3 | Bought 2 potions of haste for 300 gold pieces
 58802 | Spider:4 | Entered Level 4 of the Spider Nest
 59194 | Spider:4 | Reached skill level 15 in Fighting
 59674 | Spider:4 | Reached skill level 7 in Dodging
 60195 | Spider:4 | Reached skill level 12 in Armour
 60456 | Spider:4 | Reached skill level 8 in Dodging
 61097 | Spider:4 | Reached XP level 19. HP: 141/155 MP: 23/25
 61368 | Spider:4 | Got a gossamer rune of Zot
 61369 | Spider:4 | Identified the cursed +0 hand axe of Defilement {chop, +Inv Dex+4} (You found it on level 15 of the Dungeon)
 61723 | Vaults:1 | Entered Level 1 of the Vaults
 61986 | Vaults:1 | Noticed Asterion
 62007 | Vaults:1 | Reached skill level 9 in Dodging
 62015 | Vaults:1 | HP: 61/155 [vault warden/great mace of holy wrath (29)]
 62019 | Vaults:1 | HP: 29/155 [vault warden/halberd (14)]
 62019 | Vaults:1 | Mangled by a vault warden

Vanquished Creatures
  Aizul (Spider:3)
  2 orc warlords (Orc:2)
  A vault warden (Vaults:1)
  3 ghost moths (Spider:4)
  7 emperor scorpions
  2 entropy weavers (Spider:3)
  A spark wasp (Spider:4)
  Snorg (Orc:1)
  An ettin (Orc:1)
  A minotaur (Lab)
  2 merfolk impalers
  Josephine (Orc:2)
  A hell beast (Lair:6)
  A yaktaur captain (Vaults:1)
  A rakshasa (Vaults:1)
  5 centaur warriors
  8 vault guards (D:14)
  2 catoblepae
  7 two-headed ogres
  4 merfolk aquamancers (Shoals:2)
  A death knight (D:13)
  A queen ant (Spider:3)
  An alligator (shapeshifter) (D:15)
  7 death yaks
  A satyr (Shoals:2)
  An orc high priest (Orc:2)
  4 sea snakes
  3 unseen horrors
  2 wizards
  3 ironbrand convokers (Vaults:1)
  3 orc knights
  33 wolf spiders
  Pikel (D:8)
  A phantasmal warrior (D:13)
  6 harpies
  21 orb spiders
  7 ugly things
  An orc sorcerer (Orc:2)
  A wolf spider zombie (D:14)
  An oklob plant (Lair:3)
  A deep elf mage (D:15)
  4 cyclopes
  8 manticores
  5 merfolk sirens
  A salamander (D:15)
  12 fauns
  11 elephants
  Maurice (D:10)
  4 black mambas
  3 water nymphs
  4 torpor snails
  4 gargoyles
  A moth of wrath (Spider:4)
  A vault sentinel (Vaults:1)
  3 orange demons
  7 rime drakes
  12 spiny frogs
  A freezing wraith (D:13)
  A kobold demonologist (D:14)
  8 komodo dragons
  A hellwing (Lair:6)
  An ice devil (Lair:6)
  5 yaktaurs
  12 demonic crawlers
  2 red devils (Lair:6)
  37 jumping spiders
  8 trolls
  10 merfolk
  12 hornets
  3 wind drakes
  6 snapping turtles
  4 blink frogs (Lair:1)
  11 hippogriffs
  3 dream sheep (Shoals:3)
  A meliai zombie (D:14)
  64 redbacks
  A spriggan (D:9)
  36 tarantellas
  8 wraiths
  3 wyverns
  3 water elementals
  30 yaks
  6 basilisks
  6 hungry ghosts
  9 vampire mosquitoes
  A steam dragon (D:13)
  The ghost of Daviar the Slasher, an amateur HaBe of Trog (D:3)
  9 soldier ants (Spider:3)
  7 wargs
  12 water moccasins
  An acid dragon (D:15)
  4 hell hounds
  5 porcupines
  2 ice beasts
  38 orc warriors
  A hornet zombie (D:10)
  3 phantoms
  4 sky beasts
  A black bear (D:9)
  2 eyes of draining
  A necrophage (D:4)
  13 ogres
  13 centaurs
  13 crocodiles
  A big kobold (D:14)
  14 bullfrogs
  A gnoll sergeant (D:8)
  A wyvern zombie (D:10)
  18 killer bees
  18 scorpions
  13 wights
  5 electric eels
  7 howler monkeys
  6 crimson imps
  2 bullfrog zombies
  A lava snake (D:11)
  4 centaur zombies
  6 hounds
  19 orc priests
  5 centaur skeletons
  2 bullfrog skeletons
  An iron imp (D:6)
  3 jellies
  30 orc wizards
  Jessica (D:2)
  33 worker ants
  4 iguanas
  A howler monkey zombie (D:7)
  3 worker ant zombies
  13 adders
  12 gnolls
  2 howler monkey skeletons
  2 shadow imps
  A white imp (D:6)
  An ooze (D:5)
  An adder zombie (D:5)
  An adder skeleton (D:6)
  6 worms
  3 dart slugs
  4 leopard geckos
  112 orcs
  2 ball pythons
  6 bats
  6 giant cockroaches
  9 hobgoblins
  5 jackals
  3 quokkas
  3 frilled lizards
  6 goblins
  A goblin skeleton (D:6)
  2 goblin zombies (D:6)
  2 hobgoblin zombies (D:6)
  A jackal skeleton (D:4)
  11 kobolds
  A kobold zombie (D:6)
  2 leopard gecko skeletons
  An orc zombie (D:6)
  A quokka skeleton (D:8)
  A quokka zombie (D:9)
  12 rats
  A rat zombie (D:3)
  4 fungi
1093 creatures vanquished.

Vanquished Creatures (collateral kills)
  A wolf spider (Spider:2)
  A tarantella (Spider:2)
2 creatures vanquished.

Vanquished Creatures (others)
  An emperor scorpion (Spider:1)
  The ghost of Inarius the Gelid, a journeyman DrIE of Hepliaklqana (Lair:4)
  A merfolk javelineer (Shoals:2)
  A merfolk impaler (Shoals:1)
  4 hydras
  3 two-headed ogres
  2 satyrs
  2 merfolk aquamancers (Shoals:2)
  4 death yaks (Lair:6)
  A fire crab (Lair:6)
  An oklob plant (Lair:6)
  2 orc sorcerers (Orc:2)
  2 cyclopes
  A vault sentinel (Vaults:1)
  A gargoyle (D:7)
  A spiny frog (Lair:3)
  3 komodo dragons (Lair:6)
  A yaktaur (D:15)
  A merfolk (Shoals:3)
  A polar bear (Lair:3)
  A jumping spider (Spider:4)
  A hippogriff (Shoals:1)
  A redback (Spider:2)
  A tarantella (Spider:1)
  A yak (Lair:6)
  2 basilisks (Lair:6)
  A water moccasin (Lair:6)
  3 slaves (D:8)
  An ogre (D:8)
  A centaur (Shoals:1)
  2 crocodiles (Lair:6)
  A crimson imp (D:11)
  A hound (D:11)
  A centaur skeleton (D:8)
  A worker ant (Spider:3)
  4 gnolls
  A worm (D:3)
  4 orcs
  4 jackals (D:3)
  A kobold (D:14)
  A bush (Lair:6)
  12 fungi
  18 plants
  2 starspawn tentacles (Lair:6)
  A withered plant (Shoals:3)
101 creatures vanquished.

Grand Total: 1196 creatures vanquished

Table legend:
 A = Turns spent in this place as a percentage of turns spent in the entire game.
 B = Non-inter-level travel turns spent in this place as a percentage of non-inter-level travel turns spent in the entire game.
 C = Inter-level travel turns spent in this place as a percentage of turns spent in this place.
 D = Turns resting spent in this place as a percentage of non-inter-level travel turns spent in this place.
 E = Turns spent auto-exploring this place as a percentage of non-inter-level travel turns spent in this place.
 F = Non-inter-level travel turns spent in this place divided by the number of levels of this place that you've seen.
                   A       B       C       D       E      F
               +-------+-------+-------+-------+-------+----------------------
         Total | 100.0 | 100.0 |   5.7 |  48.0 |  32.1 | 1771.9
       Dungeon |  41.1 |  40.6 |   6.9 |  44.1 |  35.3 | 1582.1
          Lair |  27.9 |  27.8 |   6.2 |  51.9 |  35.2 | 2705.8
        Shoals |   6.3 |   6.5 |   3.7 |  40.7 |  33.7 | 1262.0
   Spider Nest |  16.1 |  16.2 |   5.0 |  52.5 |  23.3 | 2369.2
  Orcish Mines |   7.0 |   7.3 |   1.3 |  55.0 |  22.2 | 2148.0
        Vaults |   0.5 |   0.5 |   0.3 |   0.0 |  76.6 | 295.0
         Abyss |   0.1 |   0.1 |   0.0 |   0.0 |  87.0 |  46.0
     Labyrinth |   1.0 |   1.0 |   0.0 |  50.7 |   0.0 | 608.0
               +-------+-------+-------+-------+-------+----------------------
